 Dungeon Crawl Stone Soup version 0.26.1-2-gb8aa6d0cf2 (webtiles) character file.

Game seed: 9879800175773712801

21698 grosnain174 the Fighter (level 12, -6/120 HPs)
             Began as a Palentonga Fighter on Feb 18, 2021.
             Was a High Priest of Qazlal.
             Mangled by a red ugly thing (12 damage)
             ... on level 13 of the Dungeon on Feb 19, 2021.
             The game lasted 01:31:01 (15127 turns).

grosnain174 the Fighter (Palentonga Fighter)       Turns: 15127, Time: 01:31:02

Health: -6/120     AC: 13    Str: 25    XL:     12   Next: 56%
Magic:  8/19       EV:  8    Int:  9    God:    Qazlal [*****.]
Gold:   776        SH: 18    Dex:  9    Spells: 11/11 levels left

rFire    . . .     SeeInvis +   s - +2 flail (spect)
rCold    . . .     Faith    .   c - +1 kite shield
rNeg     . . .     Spirit   .   I - +2 robe {Will+}
rPois    +         Reflect  .   (no helmet)
rElec    .         Harm     .   (no cloak)
rCorr    .         Rampage  .   (no gloves)
Will     +....                  (no barding)
Stlth    +.........             o - amulet of regeneration
HPRegen  0.70/turn              C - +4 ring of slaying
MPRegen  0.16/turn              N - ring of poison resistance

@: repel missiles, curled up
A: large, rugged brown scales 3, see invisible, deformed body, roll 1, armoured
tail, reflexive curl
a: Rolling Charge, Renounce Religion, Upheaval, Elemental Force, Disaster Area


You were on level 13 of the Dungeon.
You worshipped Qazlal.
Qazlal was extremely pleased with you.
You visited 1 branch of the dungeon, and saw 14 of its levels.
You also visited: Gauntlet.

You collected 818 gold pieces.
You spent 42 gold pieces at shops.

Inventory:

Hand Weapons
 b - a +0 flail
 s - a +2 spectral flail (weapon)
 D - the +7 trident of Okawaru's Pride {vorpal, Will+}
   (You found it on level 8 of the Dungeon)

   It inflicts extra damage upon your enemies.
   It affects your willpower, your defense against some magical effects.
 F - the +5 falchion of Makhleb's Grace {pain, Str+5, unknown}
   (You found it on level 9 of the Dungeon)

   In the hands of one skilled in necromantic magic, it inflicts extra damage on
   living creatures.
   It affects your strength (+5).
Armour
 c - a +1 kite shield (worn)
 k - a +0 chain mail
 I - a +2 robe of willpower (worn)
Jewellery
 f - an uncursed ring of see invisible
 j - an uncursed ring of teleportation
 l - an uncursed ring of magical power
 o - an amulet of regeneration (around neck)
 u - an uncursed ring of wizardry
 v - an uncursed ring of stealth
 y - an uncursed ring of protection from cold
 C - a +4 ring of slaying (left hand)
 J - an uncursed ring of fire
 N - a ring of poison resistance (right hand)
Wands
 n - a wand of polymorph (35)
 p - a wand of acid (9)
 t - a wand of disintegration (13)
 z - a wand of iceblast (9)
Scrolls
 i - a scroll of brand weapon
 m - a scroll of magic mapping
 q - 2 scrolls of amnesia
 r - a scroll of enchant armour
 w - 4 scrolls of blinking
 B - 2 scrolls of fog
 E - 2 scrolls of fear
 H - 7 scrolls of teleportation
 K - a scroll of remove curse
 L - a scroll of identify
 O - a scroll of enchant weapon
Potions
 a - a potion of might
 d - a potion of brilliance
 e - 2 potions of lignification
 g - 5 potions of curing
 h - 2 potions of magic
 x - a potion of cancellation
 G - a potion of resistance {unknown}
 M - a potion of mutation {unknown}
Miscellaneous
 A - a phantom mirror


   Skills:
 * Level 12.6 Fighting
 * Level 11.2 Maces & Flails
 - Level 4.6 Armour
 + Level 7.8 Shields
 + Level 9.5 Invocations


You had 11 spell levels left.
You didn't know any spells.
Your spell library contained the following spells:

 Spells                   Type           Power        Failure   Level
 Magic Dart               Conj           0%           45%         1
 Blink                    Tloc           N/A          61%         2
 Call Imp                 Summ           0%           61%         2
 Searing Ray              Conj           0%           61%         2
 Slow                     Hex            0%           61%         2
 Conjure Flame            Conj/Fire      0%           83%         3
 Dazzling Flash           Conj/Hex       0%           83%         3
 Mephitic Cloud           Conj/Pois/Air  0%           83%         3
 Fulminant Prism          Conj/Hex       0%           99%         4
 Iskenderun's Mystic Bla  Conj/Tloc      0%           99%         4
 Irradiate                Conj/Tmut      0%           100%        5
 Hydra Form               Tmut           0%           100%        6
 Statue Form              Tmut/Erth      0%           100%        6
 Dragon Form              Tmut           0%           100%        7


Dungeon Overview and Level Annotations

Branches:
Dungeon (14/15)            Temple (0/1) D:7            Lair (0/6) D:10
    Orc (0/2) D:10        Gauntlet (visited)
 Vaults: D:13-14

Altars:
Ashenzari
Cheibriados
Elyvilon
Gozag
Hepliaklqana
Kikubaaqudgha
Makhleb
Okawaru
Qazlal
Ru
Uskayaw
Zin
The Shining One

Shops:
D:4 *

Annotations:
D:7 Maggie
D:13 3 runed translucent doors, Elvorfindel's ghost, journeyman DrWr; rnawigator's ghost, journeyman GrFi


Innate Abilities, Weirdness & Mutations

You are completely covered in rugged brown scales. (AC +3, +7% HP)
You have supernaturally acute eyesight. (SInv)
Armour fits poorly on your strangely shaped body.
You can roll at nearby foes to attack.
You have a long armoured tail.
You curl defensively after being hit.


Message History

The red ugly thing is lightly wounded.
You closely miss the red ugly thing.
The red ugly thing is lightly wounded.
The red ugly thing gores you.
You are engulfed in flames!
* * * LOW HITPOINT WARNING * * *
You sock the red ugly thing! You tail-slap the red ugly thing.
The red ugly thing is lightly wounded.
You block the red ugly thing's attack.
You sock the red ugly thing!
The red ugly thing is moderately wounded.
The red ugly thing gores you!
* * * LOW HITPOINT WARNING * * *
You are engulfed in flames!
* * * LOW HITPOINT WARNING * * *
You sock the red ugly thing! You tail-slap the red ugly thing!
The red ugly thing is severely wounded.
The red ugly thing gores you.
* * * LOW HITPOINT WARNING * * *
You are engulfed in flames!
You die...

.#≈≈≈≈≈≈≈≈≈≈≈####### #.# #.#.#..
........###### #.# #.#....
.#.#.#..# #.# #.#..>. ........#
###### #.# #.#.... ...#.#..#
#....#####'###.#.... .#.#.#.<#
#............#.'.... .#.#.#..#
#.○...(......###....
........######°☼..§....(..#####..
................@.○.....(.'......
..............°.u.....)..(#####>†
.....#..####.#☼##.#####)########†
.........##...........(.....G....
...................####.########.
.#.)))..................########.
....)...##...#.##..###..(.....##.
...............##..# #..#####.##[
.#..#...........#..# #..#####...[


You could see a red ugly thing.

Vanquished Creatures
  Harold (D:7)
  2 hydras (D:13)
  3 centaur warriors (D:13)
  A two-headed ogre (D:10)
  Nergalle (D:12)
  A deep elf mage (D:14)
  2 cyclopes
  3 ugly things
  3 manticores
  2 gargoyles
  A komodo dragon (D:10)
  A troll (D:9)
  A hornet (D:13)
  Grinder (D:5)
  Prince Ribbit (D:4)
  3 slime creatures (D:12)
  A water elemental (D:13)
  2 wraiths
  Eustachio (D:4)
  13 yaks
  2 wyverns
  3 steam dragons
  6 vampire mosquitoes
  Menkaure (D:7)
  A soldier ant (D:12)
  An acid dragon (D:13)
  A water moccasin (D:10)
  Duvessa (D:5)
  2 orc warriors
  5 sky beasts
  2 ice beasts
  2 black bears (D:11)
  An eye of draining (D:9)
  A phantom (D:10)
  7 centaurs
  3 ogres
  2 big kobolds
  Blork the orc (D:5)
  7 bullfrogs
  Dowan (D:5)
  7 scorpions
  A water moccasin skeleton (D:5)
  A wyvern skeleton (D:7)
  12 killer bees
  14 wights
  6 electric eels (D:13)
  2 howler monkeys
  2 bullfrog zombies
  8 hounds
  3 quasits
  A centaur zombie (D:3)
  2 jellies
  10 orc wizards
  3 bullfrog skeletons
  8 orc priests
  A gnoll shaman (D:10)
  Ijyb (D:3)
  5 iguanas
  14 worker ants
  A worker ant zombie (D:8)
  5 gnolls (D:10)
  A howler monkey skeleton (D:7)
  11 adders
  2 white imps
  2 ufetubi (D:10)
  An adder zombie (D:5)
  An adder skeleton (D:9)
  2 worms (D:2)
  3 dart slugs
  3 leopard geckos
  55 orcs
  6 giant cockroaches
  9 goblins
  9 hobgoblins
  20 jackals
  6 kobolds
  5 quokkas
  A ball python (D:3)
  10 bats
  6 frilled lizards
  2 leopard gecko skeletons
  4 rats
360 creatures vanquished.

Vanquished Creatures (others)
  A killer bee (D:13)
  An orc wizard (D:6)
  37 plants (D:10)
39 creatures vanquished.

Grand Total: 399 creatures vanquished

Notes
Turn   | Place    | Note
-------+----------+-------------------------------------------
     0 | D:1      | grosnain174 the Palentonga Fighter began the quest for the
                  | Orb.
     0 | D:1      | Reached XP level 1. HP: 20/20 MP: 1/1
   169 | D:1      | Reached XP level 2. HP: 27/27 MP: 2/2
   549 | D:1      | Reached XP level 3. HP: 33/33 MP: 3/3
   806 | D:2      | Found a faded altar of an unknown god.
   952 | D:2      | Found a broken altar of Ashenzari.
  1528 | D:2      | Reached XP level 4. HP: 39/40 MP: 4/4
  1609 | D:2      | You fall into a shaft and drop 2 floors!
  2434 | D:3      | Found a stormy altar of Qazlal.
  2438 | D:3      | Became a worshipper of Qazlal Stormbringer
  2439 | D:3      | Noticed Ijyb
  2451 | D:3      | Killed Ijyb
  2624 | D:3      | Reached XP level 5. HP: 46/49 MP: 5/5
  2635 | D:3      | Reached skill level 4 in Fighting
  2949 | D:3      | Found a hazy altar of Hepliaklqana.
  2988 | D:4      | Found Fecloc's General Store.
  2993 | D:4      | Bought a scroll of magic mapping for 42 gold pieces
  3071 | D:4      | Reached skill level 1 in Invocations
  3278 | D:4      | Reached XP level 6. HP: 53/55 MP: 6/6
  3516 | D:5      | Entered Level 5 of the Dungeon
  3535 | D:5      | Noticed Eustachio
  3643 | D:5      | Noticed Prince Ribbit
  3670 | D:4      | Killed Prince Ribbit
  3671 | D:4      | Gained mutation: You curl defensively after being hit.
                  | [Palentonga growth]
  3671 | D:4      | Reached XP level 7. HP: 49/64 MP: 8/8
  3727 | D:4      | Killed Eustachio
  3728 | D:4      | Reached skill level 5 in Fighting
  3777 | D:5      | Noticed Grinder
  3789 | D:5      | Paralysed by Grinder for 5 turns
  3802 | D:5      | Reached * piety under Qazlal
  3916 | D:5      | Paralysed by Grinder for 7 turns
  3923 | D:5      | Killed Grinder
  3953 | D:5      | Noticed Duvessa
  3988 | D:5      | Noticed Dowan
  4005 | D:5      | Killed Duvessa
  4006 | D:5      | Reached skill level 5 in Maces & Flails
  4016 | D:5      | Killed Dowan
  4017 | D:5      | Reached XP level 8. HP: 37/73 MP: 10/10
  4364 | D:5      | Reached skill level 6 in Fighting
  4554 | D:5      | Found a sacrificial altar of Ru.
  4560 | D:5      | Found a burning altar of Makhleb.
  4565 | D:5      | Found a hide-covered altar of Uskayaw.
  4786 | D:5      | Noticed Blork the orc
  4816 | D:5      | Killed Blork the orc
  6029 | D:6      | Found a glowing silver altar of Zin.
  6039 | D:6      | Found a glowing golden altar of the Shining One.
  6041 | D:6      | Found a white marble altar of Elyvilon.
  6149 | D:7      | Found a staircase to the Ecumenical Temple.
  6168 | D:7      | Reached XP level 9. HP: 52/83 MP: 12/12
  6182 | D:7      | Reached skill level 7 in Fighting
  6439 | D:7      | Noticed Harold
  6473 | D:7      | Killed Harold
  6474 | D:7      | Reached skill level 5 in Invocations
  6611 | D:7      | Reached ** piety under Qazlal
  6626 | D:7      | Reached skill level 8 in Fighting
  6795 | D:7      | Noticed Maggie
  6856 | D:7      | Noticed Menkaure
  6881 | D:7      | Killed Menkaure
  6882 | D:7      | Reached skill level 5 in Shields
  7414 | D:8      | Got an ivory trident
  8064 | D:8      | Identified the +7 trident of Okawaru's Pride {vorpal,
                  | Will+} (You found it on level 8 of the Dungeon)
  8126 | D:9      | Reached XP level 10. HP: 50/95 MP: 9/14
  8364 | D:9      | Reached skill level 9 in Fighting
  8468 | D:9      | Found an opulent altar of Gozag.
  8540 | D:9      | Found a snail-covered altar of Cheibriados.
  8827 | D:9      | Found an iron altar of Okawaru.
  8839 | D:9      | Got a crystal falchion
  8969 | D:9      | Reached *** piety under Qazlal
  9436 | D:10     | Entered Level 10 of the Dungeon
  9693 | D:10     | Noticed a two-headed ogre
  9772 | D:10     | Found a staircase to the Lair.
  9940 | D:10     | Noticed a gargoyle
  9982 | D:10     | Found a staircase to the Orcish Mines.
 10197 | D:10     | Killed a gargoyle
 10198 | D:10     | Reached skill level 10 in Fighting
 10457 | D:10     | Killed a two-headed ogre
 10569 | D:10     | Reached XP level 11. HP: 107/107 MP: 16/16
 11285 | D:11     | Reached **** piety under Qazlal
 12063 | D:12     | Noticed Nergalle
 12082 | D:12     | Killed Nergalle
 12083 | D:12     | Reached skill level 11 in Fighting
 12123 | D:12     | Found a gate leading to a gauntlet.
 12171 | Gauntlet | Entered a Gauntlet
 12171 | Gauntlet | Found a transporter.
 12171 | Gauntlet | Found a transporter.
 12171 | Gauntlet | Found a transporter.
 12171 | Gauntlet | Noticed a death ooze
 12194 | Gauntlet | Found a transporter.
 12196 | Gauntlet | Found a transporter.
 12199 | Gauntlet | Noticed a sixfirhy
 12206 | Gauntlet | Found a transporter.
 12211 | Gauntlet | Noticed a sixfirhy
 12216 | Gauntlet | Noticed a sixfirhy
 12224 | Gauntlet | Noticed a necromancer
 12226 | Gauntlet | Found a transporter.
 12232 | Gauntlet | Found a transporter.
 12240 | Gauntlet | Found a transporter.
 12258 | Gauntlet | Found a transporter.
 12271 | Gauntlet | Found a transporter.
 12291 | Gauntlet | Found a transporter.
 13185 | D:12     | Reached skill level 10 in Maces & Flails
 13348 | D:13     | Reached ***** piety under Qazlal
 13409 | D:13     | Noticed a lich
 13409 | D:13     | Noticed rnawigator's ghost (journeyman GrFi)
 13409 | D:13     | Noticed a lich
 13410 | D:13     | Found a runed translucent gate.
 13410 | D:13     | Found a runed translucent gate.
 13410 | D:13     | Found a runed translucent gate.
 13410 | D:13     | Found an ancient bone altar of Kikubaaqudgha.
 13410 | D:13     | Noticed Elvorfindel's ghost (journeyman DrWr)
 13410 | D:13     | Noticed a lich
 13452 | D:13     | Noticed a centaur warrior
 13466 | D:13     | Killed a centaur warrior
 13475 | D:13     | Reached XP level 12. HP: 76/119 MP: 9/18
 13766 | D:13     | Noticed a centaur warrior
 13771 | D:13     | Killed a centaur warrior
 13875 | D:13     | Noticed a centaur warrior
 13878 | D:13     | Killed a centaur warrior
 13879 | D:13     | Reached skill level 12 in Fighting
 13904 | D:13     | Paralysed by a hornet for 3 turns
 13934 | D:13     | Noticed a four-headed hydra
 14124 | D:13     | Killed a four-headed hydra
 14331 | D:13     | Noticed a five-headed hydra
 14336 | D:13     | Killed a five-headed hydra
 15022 | D:14     | Noticed a centaur warrior
 15062 | D:14     | Noticed a centaur warrior
 15127 | D:13     | HP: 6/120 [red ugly thing (2)]
 15127 | D:13     | Mangled by a red ugly thing

Illustrated notes

Levels and vault maps discovered:
D:1:      shiori_arrival_maze, layout_rooms
D:2:      layout_basic, nicolae_ashenzari_panopticon,
          chequers_ecumenical_altar_simple, minmay_misc_feat_encased,
          grunt_ministairs_5, serial_bayou_crossing
D:3:      layout_basic, lemuel_crystal_altar, nzn_hepliaklqana_mist_gate,
          uniq_ijyb
D:4:      layout_basic, serial_shops, kennysheep_little_box
D:5:      layout_gridville, minmay_overflow_temple_star_quad,
          serial_co_window_serial, co_window_corner_a,
          co_window_of_opportunity_a, co_window_corner_a, co_window_paths_b,
          co_window_corner_a, co_window_paths_b, co_window_unsneaky_path_b,
          co_window_broadway_a, co_window_of_opportunity_c,
          co_window_broadway_a, co_window_paths_d, uniq_prince_ribbit1,
          uniq_duvessa, uniq_grinder, uniq_blork_the_orc, uniq_eustachio
D:6:      layout_loops_cross, good_gods_temple_1, serial_glass, glass_columns_c,
          glass_columns_a
D:7:      layout_loops_ring, minmay_temple_entry_glass, hangedman_decor_lopped,
          uniq_harold, uniq_maggie, uniq_menkaure
D:8:      layout_loops_ring, abandoned_shop, minmay_statues_item
D:9:      layout_long_grid, okawaru_ov_weapons_minmay, cheibriados_altar_1,
          grunt_gozag_statues
D:10:     wad_guarded_room, layout_stronghold, david_lair_shrubbed,
          billiards_dpeg
D:11:     layout_gridville, hangedman_misty_isle
D:12:     layout_loops_cross, gauntlet_entry_generic, uniq_nergalle
D:13:     layout_basic, gammafunk_ghost_crypt
D:14:     kennysheep_kobold_lugonu_temple, layout_basic, erik_vaults_2,
          serial_park_avenue1

Skill      XL: |  1  2  3  4  5  6  7  8  9 10 11 12 |
---------------+-------------------------------------+-----
Armour         | 3 4 |  4.6
Maces & Flails | 3 4 5 6 8 9 10 11 | 11.2
Fighting       | 4 5 6 8 10 11 12 | 12.6
Invocations    | 1 2 4 5 7 8 9 |  9.5
Shields        | 3 4 5 6 7 |  7.8

Action                   |  1- 3 |  4- 6 |  7- 9 | 10-12 || total
-------------------------+-------+-------+-------+-------++-------
Melee: Flail             |   103 |     4 |       |   375 ||   482
       Tailslap          |    10 |    35 |    88 |   137 ||   270
       Whip              |       |   266 |   586 |   416 ||  1268
       Unarmed           |       |     7 |       |     1 ||     8
Invok: Upheaval          |       |       |       |     7 ||     7
 Abil: Rolling Charge    |       |     2 |     9 |     9 ||    20
Evoke: Wand              |       |       |       |     1 ||     1
  Use: Scroll            |     3 |     4 |     8 |     7 ||    22
       Potion            |       |     4 |     1 |     2 ||     7
Armor: Scale mail        |    69 |    10 |       |       ||    79
       Chain mail        |       |   126 |   189 |   174 ||   489
       Skin              |       |     1 |       |       ||     1
       Robe              |       |       |       |    37 ||    37
Dodge: Dodged            |    31 |    45 |    55 |   154 ||   285
       Repelled          |       |       |       |     6 ||     6
Block: Kite shield       |    57 |   131 |   232 |   648 ||  1068
